 Dungeon Crawl Stone Soup version 0.28-a0-1312-g71652a0310 (webtiles) character file.

Game seed: 4740089390255312655

4207 browni3141 the Cleaver (level 10, -1/84 HPs)
             Began as a Ghoul Gladiator on Dec 27, 2021.
             Was a Follower of Makhleb.
             Slain by Erica (8 damage)
             ... on level 8 of the Dungeon.
             The game lasted 00:16:19 (9064 turns).

browni3141 the Cleaver (Ghoul Gladiator)            Turns: 9064, Time: 00:16:20

Health: -1/84      AC: 20    Str: 23    XL:     10   Next: 29%
Magic:  0/9        EV:  7    Int:  3    God:    Makhleb [*.....]
Gold:   401        SH:  0    Dex: 10    Spells: 9/9 levels left

rFire   . . .      SeeInvis .   a - +0 war axe
rCold   + . .      Faith    .   (no shield)
rNeg    + + +      Spirit   .   o - +0 plate armour
rPois   ∞          Reflect  .   c - +2 helmet
rElec   .          Harm     .   f - +0 cloak
rCorr   .          Rampage  .   e - +1 pair of gloves {infuse}
Will    .....                   (no boots)
Stlth   ..........              y - amulet of regeneration
HPRegen 0.00/turn               (no ring)
MPRegen 0.11/turn               (no ring)

@: silenced, inhibited regen
A: claws 1, cold resistance 1, negative energy resistance 3, inhibited
regeneration, torment resistance 2
a: Renounce Religion


You were on level 8 of the Dungeon.
You worshipped Makhleb.
Makhleb was aware of your devotion.
You visited 2 branches of the dungeon, and saw 9 of its levels.
You also visited: Bailey.

You collected 401 gold pieces.

Inventory:

Hand Weapons
 a - a +0 war axe (weapon)
 r - a +0 hunting sling
Missiles
 d - a throwing net (quivered)
 m - 122 stones
 t - 12 poisoned darts
Armour
 b - a +0 leather armour
 c - a +2 helmet (worn)
 e - a +1 pair of gloves of infusion (worn)
 f - a +0 cloak (worn)
 o - a +0 plate armour (worn)
Jewellery
 y - an amulet of regeneration (around neck)
Scrolls
 g - 3 scrolls of fog
 p - 2 scrolls of amnesia
 s - a scroll of magic mapping {unknown}
 u - 2 scrolls of enchant weapon {unknown}
 z - a scroll of fear {unknown}
Potions
 h - 2 potions of haste {unknown}
 i - 3 potions of heal wounds {unknown}
 j - a potion of mutation {unknown}
 k - 3 potions of degeneration {unknown}
 l - a potion of invisibility {unknown}
 v - a potion of magic {unknown}
 w - 2 potions of lignification {unknown}
 x - a potion of berserk rage {unknown}
 A - a potion of resistance


   Skills:
 + Level 6.9 Fighting
 * Level 10.0 Axes
 - Level 2.4 Throwing
 * Level 7.2 Armour
 - Level 3.2 Dodging


You had 9 spell levels left.
You didn't know any spells.
Your spell library contained the following spells:

 Spells                   Type           Power      Damage    Failure   Level
 Ensorcelled Hibernation  Hex/Ice        0%         N/A       100%        2
 Cause Fear               Hex            0%         N/A       100%        4
 Dragon's Call            Summ           0%         N/A       100%        9
 Spider Form              Tmut/Pois      Unusable   N/A       N/A         3
 Dragon Form              Tmut           Unusable   N/A       N/A         7

Dungeon Overview and Level Annotations

Branches:
Dungeon (8/15)             Temple (1/1) D:5            Lair (0/6) D:8
 Bailey (visited)

Altars:
Ashenzari
Cheibriados
Dithmenos
Elyvilon
Fedhas
Gozag
Hepliaklqana
Kikubaaqudgha
Makhleb
Nemelex Xobeh
Okawaru
Qazlal
Ru
Sif Muna
Trog
Uskayaw
Vehumet
Wu Jian
Xom
Yredelemnul
Zin
The Shining One

Shops:
D:5 *   D:6 *

Annotations:
D:8 Erica


Innate Abilities, Weirdness & Mutations

You thrive by killing the living.
You are immune to poison.
You have sharp fingernails.
Your flesh is cold resistant. (rC+)
You are immune to negative energy. (rN+++)
You do not regenerate when monsters are visible.
You are immune to unholy pain and torment.


Message History

You kill the hornet!
Makhleb accepts your kill.
You feel better.
The javelin barely misses the hornet zombie.
The javelin barely misses Erica.
Erica screams, "Die!"
The hornet zombie hits you.
* * * LOW HITPOINT WARNING * * *
Your Axes skill increases to level 10!
Unknown command.
Okay, then.
You aren't carrying any items that you can evoke.
You feel better.
The hornet zombie hits you but does no damage.
Erica gestures wildly while chanting.
Erica flickers and vanishes!
Deactivating autopickup; reactivate with Ctrl-A.
Unknown command.
You hit the hornet zombie.
The hornet zombie is severely damaged.
The hornet zombie barely misses you.
You hit the hornet zombie but do no damage.
The hornet zombie is severely damaged.
The hornet zombie completely misses you.
You slash the hornet zombie!
The hornet zombie is severely damaged.
The hornet zombie hits you but does no damage.
As you read the scroll of silence, it crumbles to dust.
A profound silence engulfs you.
You closely miss something. Something hits you!
* * * LOW HITPOINT WARNING * * *
Something burns you.
* * * LOW HITPOINT WARNING * * *
You slash something! Something hits you but does no damage.
You closely miss something. Something hits you.
* * * LOW HITPOINT WARNING * * *
Something burns you.
* * * LOW HITPOINT WARNING * * *
You miss something. Something hits you!
You die...

.[ ... .#. ..##(##...
##.#(..#.# .# .F
..... ...###.
...#.###..
......##.##......
#.#..†.Z....#.#.#
..#.....#{#.....#..
......#.#@#.#.....
..#.#...###.....####
##..................
.........#.#.........
######...............
#.#####.....≈.≈.≈
#.##.......≈≈.≈.≈≈≈≈
#.##.###...≈≈.≈.≈≈≈.≈
#.##.#....≈≈≈≈≈.≈≈≈≈.


You could see a hornet zombie.

Vanquished Creatures
  An unseen horror (D:7)
  A troll (D:8)
  A hornet (D:8)
  A steam dragon (D:8)
  A water moccasin (D:6)
  Duvessa (D:6)
  An ice beast (D:6)
  5 sky beasts
  2 black bears
  A hornet zombie (D:7)
  3 wolves (D:8)
  3 ogres
  4 centaurs
  A gnoll sergeant (D:7)
  3 bullfrogs
  4 scorpions
  A wyvern skeleton (D:7)
  Dowan (D:6)
  A wight (D:7)
  5 electric eels (D:8)
  A centaur zombie (D:5)
  A bullfrog zombie (D:5)
  7 hounds
  An orc priest (D:7)
  2 gnoll shamans (D:8)
  A bullfrog skeleton (D:7)
  An iguana (D:7)
  An orc wizard (D:5)
  A killer bee zombie (D:7)
  A howler monkey zombie (D:5)
  5 gnolls
  9 adders
  A shadow imp (D:7)
  2 white imps
  2 ufetubi
  3 worms
  7 orcs
  6 ball pythons
  An endoplasm (D:3)
  7 giant cockroaches
  7 goblins
  7 hobgoblins
  12 jackals
  7 kobolds
  4 quokkas
  3 bats (D:1)
  4 frilled lizards
  11 orc zombies (Bailey)
  8 rats
164 creatures vanquished.

Notes
Turn   | Place    | Note
-------+----------+-------------------------------------------
     0 | D:1      | browni3141 the Ghoul Gladiator began the quest for the Orb.
     0 | D:1      | Reached XP level 1. HP: 17/17 MP: 0/0
   137 | D:1      | Reached XP level 2. HP: 22/25 MP: 1/1
   403 | D:1      | Reached skill level 3 in Axes
   403 | D:1      | Reached XP level 3. HP: 30/30 MP: 2/2
  1230 | D:2      | Reached XP level 4. HP: 37/38 MP: 3/3
  1300 | D:2      | Found a faded altar of an unknown god.
  2116 | D:3      | Found a hazy altar of Hepliaklqana.
  2129 | D:3      | Reached XP level 5. HP: 35/45 MP: 4/4
  2134 | D:3      | Reached skill level 4 in Axes
  2203 | D:3      | Found a hide-covered altar of Uskayaw.
  3272 | D:4      | Reached skill level 5 in Axes
  3272 | D:4      | Reached XP level 6. HP: 51/51 MP: 5/5
  3801 | D:5      | Entered Level 5 of the Dungeon
  3804 | D:5      | Found the +7 staff of the Meek {protect, meekguard}
  3879 | D:5      | Noticed a sky beast
  3882 | D:5      | Reached skill level 6 in Axes
  4117 | D:5      | Noticed a sky beast
  4213 | D:5      | Found a staircase to the Ecumenical Temple.
  4262 | Temple   | Entered the Ecumenical Temple
  4504 | Temple   | Became a worshipper of Makhleb the Destroyer
  4625 | D:5      | Killed a sky beast
  4626 | D:5      | Reached XP level 7. HP: 48/57 MP: 6/6
  4764 | D:5      | Found Guilem Jiu's Gadget Gallery.
  5051 | D:5      | Reached skill level 1 in Armour
  5646 | D:6      | Reached skill level 7 in Axes
  5894 | D:6      | Reached XP level 8. HP: 62/66 MP: 7/7
  6145 | D:6      | Noticed Duvessa
  6145 | D:6      | Noticed Dowan
  6178 | D:6      | Killed Duvessa
  6715 | D:6      | Found Quumumos's Lightly-Used Armoury.
  6825 | D:6      | Killed Dowan
  7210 | D:7      | Identified a scroll of acquirement
  7213 | D:7      | Acquired a +1 pair of gloves of infusion
  7237 | D:7      | Reached skill level 8 in Axes
  7263 | D:7      | Found a flagged portal.
  7305 | D:7      | Reached skill level 5 in Fighting
  7305 | D:7      | Reached XP level 9. HP: 33/74 MP: 0/8
  7362 | D:7      | Reached skill level 5 in Armour
  7381 | D:7      | HP: 2/74 [something (3)]
  7611 | Bailey   | Entered a bailey
  7750 | Bailey   | Reached * piety under Makhleb
  7775 | Bailey   | Noticed a gargoyle
  8206 | D:7      | Reached skill level 9 in Axes
  8278 | D:7      | Killed an unseen horror
  8373 | D:7      | Found a basalt altar of Yredelemnul.
  8375 | D:7      | Noticed a profane servitor
  8429 | D:7      | Noticed an angel
  8491 | D:8      | Found a staircase to the Lair.
  8511 | D:8      | Noticed a troll
  8531 | D:8      | Killed a troll
  8532 | D:8      | Reached XP level 10. HP: 18/84 MP: 1/9
  9053 | D:8      | Noticed Erica
  9056 | D:8      | Reached skill level 10 in Axes
  9064 | D:8      | Slain by Erica

Illustrated notes

Levels and vault maps discovered:
D:1:      giann_wishing_wells, layout_basic, minmay_cupped
D:2:      layout_rooms, hellmonk_ecumenical_altar_blasted
D:3:      layout_basic, nicolae_uskayaw_dance_hall,
          mainiacjoe_overflow_boulevard
D:4:      layout_basic
D:5:      layout_layer_cave, minmay_temple_entry_wispy, st_stairs_4,
          nicolae_shop_gadgets
D:6:      layout_loops_corners, amcnicky_mini_corridor_feature,
          minmay_shop_damaged, minmay_misc_feat_four_crosses, uniq_duvessa
D:7:      cheibrodos_barr_body, layout_basic, grunt_temple_overflow_holy_war,
          enter_ossuary_3, enter_bailey_2
D:8:      layout_basic, erik_lair_island, minmay_fractal_squares_5, uniq_erica,
          uniq_grum
Temple:   dpeg_five_rooms_temple

Skill      XL: |  1  2  3  4  5  6  7  8  9 10 |
---------------+-------------------------------+-----
Throwing       | 2 |  2.4
Dodging        | 3 |  3.2
Axes           | 3 5 6 7 8 9 10 | 10.0
Fighting       | 3 5 6 |  6.9
Armour         | 2 4 6 7 |  7.2

Action                   |  1- 3 |  4- 6 |  7- 9 | 10-12 || total
-------------------------+-------+-------+-------+-------++-------
Melee: War axe           |   106 |   211 |   306 |    60 ||   683
Throw: Stone             |       |    16 |       |     1 ||    17
       Dart              |       |       |    21 |    46 ||    67
       Throwing net      |       |       |     2 |     2 ||     4
       Javelin           |       |       |       |     4 ||     4
Evoke: Wand              |       |     6 |     5 |       ||    11
  Use: Scroll            |       |       |    10 |     1 ||    11
       Potion            |       |       |     3 |     1 ||     4
 Stab: Held in net/web   |       |       |     1 |       ||     1
Armor: Leather armour    |    52 |    15 |       |       ||    67
       Plate armour      |       |   131 |   337 |    64 ||   532
Dodge: Dodged            |    96 |    94 |   117 |    32 ||   339

Table legend: (Time is in decaauts)
 A = Elapsed time spent in this place.
 B = Non-inter-level travel time spent in this place.
 C = Inter-level travel time spent in this place.
 D = Time resting spent in this place.
 E = Time spent auto-exploring this place.
 F = Levels seen in this place.
 G = Mean time per level.
                   A        B        C        D        E       F      G
               +--------+--------+--------+--------+--------+-----+--------+
         Total |   9190 |   8755 |    435 |    659 |   6019 |  10 |  919.0 |
       Dungeon |   8680 |   8308 |    372 |    659 |   5740 |   8 | 1085.0 |
        Temple |    275 |    212 |     63 |      0 |    201 |   1 |  275.0 |
        Bailey |    234 |    234 |      0 |      0 |     78 |   1 |  234.0 |
               +--------+--------+--------+--------+--------+-----+--------+

Top non-repeatable levels by time:
     D:6: 1608 daAuts
     D:5: 1496 daAuts
     D:1: 1234 daAuts
     D:7: 1104 daAuts
     D:3: 1068 daAuts
     D:4: 1019 daAuts
     D:8: 590 daAuts
     D:2: 559 daAuts
  Temple: 275 daAuts
  Bailey: 234 daAuts
